 Dungeon Crawl Stone Soup version 0.21-a0-321-g91e3373 (webtiles) character file.

3 tidbits the Thaumaturge (level 1, 0/13 HPs)
             Began as a Gnoll Wanderer on Sept 30, 2017.
             Slain by a rat (3 damage)
             ... on level 1 of the Dungeon.
             The game lasted 00:01:03 (45 turns).

tidbits the Thaumaturge (Gnoll Wanderer)              Turns: 45, Time: 00:01:04

Health: 0/13       AC:  2    Str: 13    XL:     1   Next: 50%
Magic:  10/10      EV: 11    Int: 16    God:
Gold:   0          SH:  0    Dex: 13    Spells: 18/18 levels left

rFire    . . .     SeeInvis .   c - +0 dagger
rCold    . . .     Gourm    .   (no shield)
rNeg     . . .     Faith    .   e - +0 robe
rPois    .         Spirit   .   (no helmet)
rElec    .         Reflect  .   (no cloak)
rCorr    .         Harm     .   (no gloves)
MR       .....                  (no boots)
Stlth    +.........             (no amulet)
HPRegen  0.04/turn              (no ring)
MPRegen  0.12/turn              (no ring)

@: no status effects
A: distributed training, fangs 1, strong nose
a: no special abilities


You were on level 1 of the Dungeon.
You were not hungry.

You visited 1 branch of the dungeon, and saw 1 of its levels.

Inventory:

Hand Weapons
 c - a +0 dagger (weapon)
 d - a +0 blowgun
Armour
 e - a +0 robe (worn)
Potions
 g - a potion of heal wounds {unknown}
Books
 a - a book of Minor Magic

   Spells                             Type                      Level
   a - Magic Dart                     Conjuration                  1
   b - Blink                          Translocation                2
   c - Call Imp                       Summoning                    2
   d - Slow                           Hexes                        2
   e - Conjure Flame                  Conjuration/Fire             3
   f - Mephitic Cloud                 Conjuration/Poison/Air       3
 b - the Disquisition on the Glacier

   Spells                             Type                      Level
   a - Freeze                         Ice                          1
   b - Ozocubu's Armour               Charms/Ice                   3
Comestibles
 f - a bread ration


   Skills:
 + Level 0.0 Fighting
 + Level 0.8 Short Blades
 + Level 0.0 Long Blades
 + Level 0.0 Axes
 + Level 0.0 Maces & Flails
 + Level 0.0 Polearms
 + Level 0.0 Staves
 + Level 0.0 Slings
 + Level 0.0 Bows
 + Level 0.0 Crossbows
 + Level 4.4 Throwing
 + Level 0.0 Armour
 + Level 0.0 Dodging
 + Level 0.0 Stealth
   Level 0.0 Stabbing
 + Level 0.8 Shields
   Level 0.0 Traps
 + Level 0.0 Unarmed Combat
 + Level 9.2 Spellcasting
 + Level 0.0 Conjurations
 + Level 4.4 Hexes
 + Level 4.4 Charms
 + Level 0.8 Summonings
 + Level 0.0 Necromancy
 + Level 1.3 Translocations
 + Level 0.0 Transmutations
 + Level 0.0 Fire Magic
 + Level 0.0 Ice Magic
 + Level 0.0 Air Magic
 + Level 0.0 Earth Magic
 + Level 0.0 Poison Magic
 + Level 0.0 Invocations
 + Level 0.0 Evocations


You had 18 spell levels left.
You didn't know any spells.

Dungeon Overview and Level Annotations

Branches:
Dungeon (1/15)

Altars:


Innate Abilities, Weirdness & Mutations

Your experience applies equally to all skills.
You have very sharp teeth.
Your uncanny sense of smell can sniff out nearby items.


Message History

The goblin shouts!
The goblin moves out of view.
Firing (i - inventory):
c - 5 poisoned needles (quivered)
Press: ? - help, Shift-Dir - straight line, f/p - kobold
Aim: a kobold, wielding a whip of pain (severely wounded, poisoned)
You shoot a poisoned needle. The poisoned needle hits the kobold.
The kobold looks even sicker.
The kobold is severely wounded.
Firing (i - inventory):
c - 4 poisoned needles (quivered)
Press: ? - help, Shift-Dir - straight line, f/p - kobold
Aim: a kobold, wielding a whip of pain (severely wounded, poisoned)
You shoot a poisoned needle. The poisoned needle hits the kobold.
The kobold looks as sick as possible!
The kobold is severely wounded.
You kill the kobold!
Firing (i - inventory):
c - 3 poisoned needles (quivered)
Press: ? - help, Shift-Dir - straight line, f - goblin
Aim: a goblin, wielding a dagger You shoot a poisoned needle.
The poisoned needle hits the goblin.
The goblin is poisoned.
A rat comes into view.
Firing (i - inventory):
c - 2 poisoned needles (quivered)
Press: ? - help, Shift-Dir - straight line, f/p - goblin
Aim: a goblin, wielding a dagger (moderately wounded, poisoned)
You shoot a poisoned needle. The poisoned needle hits the goblin.
The goblin looks even sicker.
The goblin is moderately wounded.
Firing (i - inventory):
c - a poisoned needle (quivered)
Press: ? - help, Shift-Dir - straight line, f/p - goblin
Aim: a goblin, wielding a dagger (moderately wounded, poisoned)
You shoot a poisoned needle. The poisoned needle hits the goblin.
The goblin looks even sicker.
The goblin is moderately wounded.
Firing (i - inventory): No suitable missiles.
Press: ? - help, Shift-Dir - straight line, f/p - goblin
Aim: a goblin, wielding a dagger (moderately wounded, poisoned)
Okay, then.
Wield which item (- for none, * to show all)? (? for menu, Esc to quit)
You are now empty-handed.
c - 2 stones;
g - a brown potion A rat comes into view.
Throwing (i - inventory):
c - 2 stones (quivered)
Press: ? - help, Shift-Dir - straight line, f/p - goblin
Aim: a goblin, wielding a dagger (severely wounded, poisoned)
You throw a stone.
The stone hits the goblin but does no damage.
The goblin is severely wounded.
The goblin hits you with a dagger.
Throwing (i - inventory):
c - a stone (quivered)
Press: ? - help, Shift-Dir - straight line, f/p - goblin
Aim: a goblin, wielding a dagger (severely wounded, poisoned)
You throw a stone. The stone barely misses the goblin.
You kill the goblin!
A rat comes into view.
Firing (i - inventory): No suitable missiles.
Press: ? - help, Shift-Dir - straight line, f - rat
Aim: a rat
Okay, then.
Unknown command.
Things that are here:
a dagger; a stone
c - a dagger The rat barely misses you.
Wield which item (- for none, * to show all)? (? for menu, Esc to quit)
c - a +0 dagger (weapon)
You closely miss the rat. The rat misses you. The rat bites you.
You barely miss the rat. The rat barely misses you.
You hit the rat but do no damage. The rat barely misses you. The rat bites you.
The rat misses you.
A jackal comes into view.
The jackal barks!
A jackal comes into view.
The jackal barks!
A goblin comes into view. It is wielding a club.
Found an escape hatch in the floor.
The goblin shouts! 2 rats come into view.
Found a meat ration.
You hit the rat.
You kill the rat!
You barely miss the rat. The rat bites you but does no damage.
You hit the rat.
You kill the rat!
Your Translocations skill increases to level 1!
The jackal bites you.
* * * LOW HITPOINT WARNING * * *
You completely miss the jackal. The jackal barely misses you.
You barely miss the jackal. Your bite misses the jackal.
The jackal bites you but does no damage.
The rat barely misses you.
The jackal bites you but does no damage.
You closely miss the jackal. The jackal bites you.
* * * LOW HITPOINT WARNING * * *
The rat bites you but does no damage.
You hit the jackal but do no damage. The jackal bites you.
* * * LOW HITPOINT WARNING * * *
You hit the jackal but do no damage. The jackal misses you. The rat misses you.
The jackal closely misses you.
You closely miss the jackal. The rat bites you.
You die...

.
###############..
..(....<........∆
...............
.........##.###
#####...h...#
#.####..#
#........#######
#..#.....ghrh@r#
.....##.#.####r#
##..####.#.# .#
#... ..#># ..
#... ...#.# .#%
####.# .#.. #..
.# .. #.. ##∆...


You could see 2 jackals, a goblin and 3 rats.

Vanquished Creatures
  A goblin (D:1)
  A kobold (D:1)
  2 rats (D:1)
4 creatures vanquished.

Notes
Turn   | Place    | Note
-------+----------+-------------------------------------------
     0 | D:1      | Reached skill level 9 in Spellcasting
     0 | D:1      | tidbits the Gnoll Wanderer began the quest for the Orb.
     0 | D:1      | tidbits set off with: a book of Minor Magic, the Disquisition on the Glacier, 9 poisoned needles, a +0 blowgun, a +0 robe, a bread ration
     0 | D:1      | Reached XP level 1. HP: 13/13 MP: 10/10
     0 | D:1      | Identified the Disquisition on the Glacier
    39 | D:1      | Reached skill level 1 in Translocations
    45 | D:1      | Slain by a rat

Vault maps used:
D:1:      erik_arrival_orb_chamber

Skill      XL: |  1 |
---------------+----+-----
Spellcasting   | |  9.2
Translocations | 1 |  1.3
Short Blades   | |  0.8
Throwing       | |  4.4
Shields        | |  0.8
Hexes          | |  4.4
Charms         | |  4.4
Summonings     | |  0.8

Action                   || total
-------------------------++-------
Melee: Dagger            ||    12
 Fire: Blowgun           ||     9
Throw: Stone             ||     2
Armor: Robe              ||     4
Dodge: Dodged            ||    10

Table legend:
 A = Spawn XP
 B = Non-spawn XP
 C = Spawn XP percentage of total XP
 D = Spawn monster count
 E = Non-spawn monster count
 F = Spawn count percentage of total count
 G = Total turns spent on level
                    A         B        C        D         E        F      G
               +---------+---------+-------+---------+---------+-------+---------
         Total |       0 |       5 |   0.0 |       0 |       4 |   0.0 |    45
               +---------+---------+-------+---------+---------+-------+---------
           D:1 |       0 |       5 |   0.0 |       0 |       4 |   0.0 |    45
               +---------+---------+-------+---------+---------+-------+---------

Table legend:
 A = Turns spent in this place as a percentage of turns spent in the entire game.
 B = Non-inter-level travel turns spent in this place as a percentage of non-inter-level travel turns spent in the entire game.
 C = Inter-level travel turns spent in this place as a percentage of turns spent in this place.
 D = Turns resting spent in this place as a percentage of non-inter-level travel turns spent in this place.
 E = Turns spent auto-exploring this place as a percentage of non-inter-level travel turns spent in this place.
 F = Non-inter-level travel turns spent in this place divided by the number of levels of this place that you've seen.
                   A       B       C       D       E      F
               +-------+-------+-------+-------+-------+----------------------
         Total | 100.0 | 100.0 |   0.0 |   0.0 |   0.0 |  45.0
       Dungeon | 100.0 | 100.0 |   0.0 |   0.0 |   0.0 |  45.0
               +-------+-------+-------+-------+-------+----------------------

Table legend:
 A = Kills in this place as a percentage of kills in entire the game.
 B = Kills by you in this place as a percentage of kills by you in the entire game.
 C = Kills by friends in this place as a percentage of kills by friends in the entire game.
 D = Other kills in this place as a percentage of other kills in the entire game.
 E = Experience gained in this place as a percentage of experience gained in the entire game.
 F = Experience gained in this place divided by the number of levels of this place that you have seen.
                   A       B       C       D       E      F
               +-------+-------+-------+-------+-------+----------------------
         Total | 100.0 | 100.0 |   N/A |   N/A | 100.0 |   5.0
       Dungeon | 100.0 | 100.0 |   N/A |   N/A | 100.0 |   5.0
               +-------+-------+-------+-------+-------+----------------------

Vault maps used:
D:1:      erik_arrival_orb_chamber
